 Dungeon Crawl Stone Soup version 0.30-a0-311-gf115ab0292 (webtiles) character file.

Game seed: 139308233580025754

98 jasper the Insei (level 4, -1/32 HPs)
             Began as a Demonspawn Transmuter on Sept 24, 2022.
             Slain by Natasha (5 damage)
             ... on level 2 of the Dungeon on Oct 25, 2022.
             The game lasted 00:05:03 (2169 turns).

jasper the Insei (Demonspawn Transmuter)            Turns: 2169, Time: 00:05:03

Health: -1/32      AC:  4    Str: 10    XL:     4   Next: 43%
Magic:  15/16      EV: 11    Int: 16    God:
Gold:   140        SH:  0    Dex: 14    Spells: 1/7 levels left

rFire   . . .      SeeInvis .      - Unarmed
rCold   . . .      Faith    .    (no shield)
rNeg    . . .      Spirit   .    t - +0 leather armour
rPois   .          Reflect  .    (helmet currently unavailable)
rElec   .          Harm     .    (no cloak)
rCorr   .          Rampage  .    (no gloves)
Will    .....                    (boots currently unavailable)
Stlth   +.........               (no amulet)
HPRegen 0.25/turn                f - ring of magical power
MPRegen 0.15/turn                (no ring)

@: appendages
A: talons 2, antennae 1, sharp scales 1
a: End Transformation


You were on level 2 of the Dungeon.
You had temporarily grown beastly talons.
You visited 1 branch of the dungeon, and saw 2 of its levels.

You collected 140 gold pieces.

Inventory:

Missiles
 q - 3 stones (quivered)
Armour
 a - a +0 robe
 r - a +0 ring mail
 t - a +0 leather armour (worn)
Jewellery
 f - a ring of magical power (left hand)
 m - a ring of flight
Scrolls
 j - a scroll of blinking {unknown}
 k - a scroll of poison {unknown}
 l - a scroll of teleportation {unknown}
 p - 2 scrolls of identify {unknown}
 s - a scroll of immolation {unknown}
Potions
 b - a potion of lignification
 c - 2 potions of curing {unknown}
 d - 3 potions of might {unknown}
 e - a potion of attraction {unknown}
 g - a potion of ambrosia {unknown}
 h - a potion of flight {unknown}
 i - a potion of mutation {unknown}
 n - a potion of haste {unknown}
 o - a potion of heal wounds {unknown}


   Skills:
 - Level 1.0 Fighting
 - Level 1.7 Dodging
 + Level 4.8 Unarmed Combat
 - Level 2.0 Spellcasting
 - Level 1.7 Transmutations


You had one spell level left.
You knew the following spells:

 Your Spells              Type           Power      Damage    Failure   Level
a - Beastly Appendage     Tmut           14%        N/A       14%         1
b - Wereblood             Tmut           7%         N/A       21%         2
c - Spider Form           Tmut/Pois      4%         N/A       52%         3

Your spell library contained the following spells:

 Spells                   Type           Power      Damage    Failure   Level
 Ice Form                 Ice/Tmut       4%         N/A       89%         4


Dungeon Overview and Level Annotations

Branches:
Dungeon (2/15)

Altars:

Annotations:
D:2 Natasha


Innate Abilities, Weirdness & Mutations

You have temporarily grown beastly talons.
You have a pair of small antennae on your head.
You are partially covered in razor-sharp scales. (AC +1, Slay +1)


Message History

You start resting.
HP restored.
Health restored: 32
Found a stone staircase leading up.
Natasha is nearby!
Natasha is nearby!
Natasha mumbles some strange words.
Natasha casts a spell.
Natasha howls an incantation.
Natasha's front paws start to glow.
The crimson imp hits you.
You take 1 damage, and have 31/32 hp.
Natasha barely misses you.
The crimson imp hits you but does no damage.
Casting: Beastly Appendage (safe; 14% risk of failure)
Confirm with . or Enter, or press ? or * to list all spells.
Your feet morph into talons.
Natasha claws you! The crimson imp hits you.
You take 8 damage, and have 23/32 hp.
MASSIVE DAMAGE!!
You now have 15/16 mp.
You hit Natasha.
Natasha is moderately wounded.
Natasha stares at you and mumbles some strange words.
The magic dart hits you.
You take 4 damage, and have 19/32 hp.
You closely miss Natasha. You claw Natasha.
Natasha is severely wounded.
The white imp shouts, "Go and return not, thou erky weather-bitten swadder!"
The white imp hits you but does no damage.
The crimson imp barely misses you. Natasha closely misses you.
You completely miss Natasha.
Natasha is severely wounded.
The white imp hits you. The white imp freezes you. The crimson imp hits you.
Natasha mumbles some strange words.
You take 9 damage, and have 10/32 hp.
MASSIVE DAMAGE!!
You closely miss Natasha. Your punch misses Natasha.
Natasha is severely wounded.
The white imp gestures at you. The puff of frost hits you.
* * * LOW HITPOINT WARNING * * *
The crimson imp blinks!
Natasha claws you.
You die...

.....# #.##....###.....##
##...###########.#...............
.......>.....5.........###.....##
##............##.#.##....#..#####
#........###....#.#####.#..#...#
##........# ###..#.#####....#.###
..........# #..#........###.#..
#####.....#####.§55...........###
#.......#.....@h............###
###.......#.######.######.###.#..
..#.......#.#....#.# #..##.#.#
..#.......#.#.##.#.######...#...#
..#.......#.#.##.#.##.......#####
..........#.#†#..#.##.......##...
.......#.##.#.#.............####.
.......#.##.#.#...........### ##
.#...#.#......#...........#######


You could see Natasha, a crimson imp (summoned) and 2 white imps.

Vanquished Creatures
  Jessica (D:2)
  Natasha (D:2)
  2 dart slugs (D:1)
  A bat (D:1)
  3 endoplasms
  A giant cockroach (D:1)
  6 goblins
  10 hobgoblins
  3 jackals (D:2)
  3 kobolds
  2 quokkas (D:2)
  3 ball pythons
  A frilled lizard (D:1)
37 creatures vanquished.

Notes
Turn   | Place    | Note
-------+----------+-------------------------------------------
     0 | D:1      | jasper the Demonspawn Transmuter began the quest for the
                  | Orb.
     0 | D:1      | Reached XP level 1. HP: 15/15 MP: 3/3
   103 | D:1      | Reached skill level 3 in Unarmed Combat
   717 | D:1      | Gained mutation: You are partially covered in razor-sharp
                  | scales. (AC +1, Slay +1) [demonic ancestry]
   717 | D:1      | Reached XP level 2. HP: 21/21 MP: 5/5
   720 | D:1      | Learned a level 2 spell: Wereblood
  1099 | D:1      | You fall into a shaft and drop 1 floor!
  1112 | D:2      | Upgraded the game from 0.30-a0-140-gd1020e658a to
                  | 0.30-a0-311-gf115ab0292
  1149 | D:2      | Noticed Jessica
  1163 | D:2      | Killed Jessica
  1164 | D:2      | Reached skill level 4 in Unarmed Combat
  1164 | D:2      | Reached XP level 3. HP: 18/26 MP: 6/6
  1299 | D:2      | Learned a level 3 spell: Spider Form
  1658 | D:2      | Gained mutation: You have a pair of small antennae on your
                  | head. [demonic ancestry]
  1658 | D:2      | Reached XP level 4. HP: 27/32 MP: 7/7
  1890 | D:2      | Noticed Natasha
  1895 | D:2      | Killed Natasha
  1973 | D:2      | Noticed Natasha
  2169 | D:2      | Slain by Natasha

Illustrated notes

Levels and vault maps discovered:
D:1:      minmay_arrival_four_loops, layout_basic, minmay_split_cup_small
D:2:      cheibrodos_greedy_goblins, layout_basic, minivault_11,
          bh_walls_and_bars, uniq_jessica, uniq_natasha

Skill      XL: |  1  2 |
---------------+-------+-----
Unarmed Combat | 3 4 |  4.8
Fighting       | |  1.0
Dodging        | |  1.7
Spellcasting   | |  2.0
Transmutations | |  1.7

Action                   |  1- 3 |  4- 6 || total
-------------------------+-------+-------++-------
Melee: Unarmed           |    71 |    18 ||    89
       Kick              |    11 |     1 ||    12
       Headbutt          |     5 |       ||     5
       Punch             |     2 |       ||     2
Throw: Stone             |     2 |       ||     2
 Cast: Beastly Appendage |    15 |     2 ||    17
  Use: Scroll            |     1 |       ||     1
 Stab: Sleeping          |     1 |       ||     1
Armor: Robe              |    13 |       ||    13
       Ring mail         |     6 |     5 ||    11
       Leather armour    |       |     4 ||     4
Dodge: Dodged            |    32 |     7 ||    39

Table legend: (Time is in decaauts)
 A = Elapsed time spent in this place.
 B = Non-inter-level travel time spent in this place.
 C = Inter-level travel time spent in this place.
 D = Time resting spent in this place.
 E = Time spent auto-exploring this place.
 F = Levels seen in this place.
 G = Mean time per level.
                   A        B        C        D        E       F      G
               +--------+--------+--------+--------+--------+-----+--------+
         Total |   2162 |   2162 |      0 |    165 |   1633 |   2 | 1081.0 |
       Dungeon |   2162 |   2162 |      0 |    165 |   1633 |   2 | 1081.0 |
               +--------+--------+--------+--------+--------+-----+--------+

Top non-repeatable levels by time:
     D:1: 1096 daAuts
     D:2: 1066 daAuts
